[Event "Early-Titled-Tuesday-Blitz-May-07-2024"]
[Site "Chess.com"]
[Date "2024.05.07"]
[Round "9"]
[White "Nadtkins"]
[Black "ploxoi"]
[Result "1-0"]
[WhiteElo "2541"]
[BlackElo "2343"]
[TimeControl "180+1"]
[EndTime "9:52:52 PDT"]
[Termination "Nadtkins won by checkmate"]

1. Nf3 d5 2. g3 c6 3. Bg2 Nf6 4. c4 Bf5 5. Qb3 Qb6 6. d3 e6 7. Be3 Qxb3 8. axb3 a6 9. Nc3 Nbd7 10. Nd4 Bg6 11. Nc2 Be7 12. cxd5 cxd5 13. b4 O-O 14.
Kd2 Rfc8 15. h3 h6 16. f4 Ne8 17. Bd4 Nd6 18. g4 f6 19. f5 exf5 20. Nxd5 Bf8 21.
gxf5 Nxf5 22. Bc3 Ne7 23. Nxe7+ Bxe7 24. Bxb7 Be8 25. Ne3 Nb6 26. Bxc8 Nxc8 27. Ra5 Bd8 28. Raa1 Bc6 29. Rhg1 Kf7 30. Nf5 g5 31. Nxh6+ Kg6 32.
Ng4 Nd6 33. h4 Nf7 34. hxg5 Nxg5 35. Raf1 Bb6 36. Rxf6+ Kh7 37. Rh1+ Bxh1 38. Rxb6 Re8 39. Rh6+ Kg8 40. Rh8+ Kf7 41. Rxh1 Rb8 42. Rf1+ Ke8 43.
Ne5 Rb7 44. Rg1 Ne6 45. Rg8+ Nf8 46. Ng6 Kf7 47. Rxf8+ Kxg6 48. Ra8 Rb6 49. Bd4 Rxb4 50. Rxa6+ Kf5 51. Bc3 Rb3 52. e4+ Kf4 53. Kc2 Rb8 54. Rf6+ Kg5 55. Rf5+ Kg6 56. b4 Rc8 57. Rd5 Rb8 58.
Kb3 Kf7 59. Kc4 Ke6 60. Rc5 Rc8 61. d4 Rb8 62. d5+ Kd7 63. Rc6 Re8 64. e5 Rh8 65.
e6+ Kd8 66. Bf6+ Ke8 67. Rc8# 1-0

[Event "Early-Titled-Tuesday-Blitz-May-07-2024"]
[Site "Chess.com"]
[Date "2024.05.07"]
[Round "9"]
[White "klercaku"]
[Black "sudtirolese06"]
[Result "0-1"]
[WhiteElo "2265"]
[BlackElo "2435"]
[TimeControl "180+1"]
[EndTime "9:52:53 PDT"]
[Termination "sudtirolese06 won by checkmate"]

1. e4 g6 2. d4 Bg7 3. Nf3 d6 4. Nc3 Nf6 5. Be2 O-O 6. h3 Nc6 7.
Be3 e5 8. Qd2 exd4 9. Nxd4 Re8 10. Bf3 Ne5 11. O-O-O Nc4 12. Qd3 Nxe3 13. Qxe3 Nd7 14.
Be2 Nc5 15. Nb3 Nxb3+ 16. axb3 a5 17. f4 Bd7 18. h4 a4 19. bxa4 Bxa4 20. h5 Bc6 21.
hxg6 hxg6 22. Bc4 b5 23. Bb3 b4 24. Nd5 Bxd5 25. Bxd5 Ra5 26. Qh3 Qf6 27. e5 Ra1+ 28.
Kd2 Qxf4+ 29. Kd3 Rxd1+ 30. Rxd1 Rxe5 31. Qc8+ Bf8 32. c4 b3 33. Kc3 c5 34. Kxb3 Kg7 35.
Rh1 Re3+ 36. Ka4 Qd4 37. Kb5 Re7 38. Kc6 Qxb2 39. Kxd6 Re8+ 40. Kd7 Rxc8 41. Kxc8 Qb6 42. Rf1 f5 43. Re1 Bd6 44. Kd7 Qc7+ 45. Ke8 Be5 46. Bc6 Kf6 47. Kf8 Qf7# 0-1

[Event "Early-Titled-Tuesday-Blitz-May-07-2024"]
[Site "Chess.com"]
[Date "2024.05.07"]
[Round "9"]
[White "DenisQ"]
[Black "Aygehovit1992"]
[Result "0-1"]
[WhiteElo "2718"]
[BlackElo "2862"]
[TimeControl "180+1"]
[EndTime "9:52:54 PDT"]
[Termination "Aygehovit1992 won by resignation"]

1. Nf3 Nf6 2. c4 g6 3. g3 Bg7 4. Bg2 d6 5. O-O O-O 6. Nc3 c6 7. e4 e5 8. d4 Bg4 9. Be3 Nbd7 10. h3 Bxf3 11. Bxf3 exd4 12. Bxd4 Ne5 13. Be2 Re8 14. Kg2 Qc7 15. f4 Ned7 16. Bf3 Re7 17. Qc2 Rae8 18. Rfe1 a6 19. Rad1 Qb8 20. Qd2 Re6 21. f5 R6e7 22. Bxf6 Bxf6 23. fxg6 hxg6 24. Qxd6 Qxd6 25. Rxd6 Bxc3 26.
bxc3 Nc5 27. g4 Nxe4 28. Bxe4 Rxe4 29. Rxe4 Rxe4 30. Rd7 Rxc4 31. Rxb7 Rxc3 32. Ra7 Ra3 33. Rc7 Rxa2+ 34. Kg3 Rc2 35. Ra7 g5 36. Rxa6 Rc3+ 37.
Kg2 Kg7 38. Ra5 Kg6 39. Ra6 Kf6 40. Ra5 c5 41. Ra7 Ke6 42. Rc7 f6 43. Rc8 Ke5 44. Rc6 c4 45. Kh2 Rc1 46. Kg3 c3 47. Kg2 Kd4 48.
Rxf6 Rb1 49. Rc6 Rb2+ 50. Kf3 c2 51. Rc8 Rb3+ 52. Ke2 Rc3 53. Rd8+ Ke4 0-1

[Event "Early-Titled-Tuesday-Blitz-May-07-2024"]
[Site "Chess.com"]
[Date "2024.05.07"]
[Round "9"]
[White "Elegance_Riks"]
[Black "Antosha_Chekhonte"]
[Result "1-0"]
[WhiteElo "2739"]
[BlackElo "2573"]
[TimeControl "180+1"]
[EndTime "9:52:54 PDT"]
[Termination "Elegance_Riks won on time"]

1. b3 Nf6 2. Bb2 g6 3. Nf3 Bg7 4. g3 O-O 5. Bg2 a5 6. O-O a4 7.
b4 d5 8. a3 Nbd7 9. d3 Nb6 10.
Nbd2 Bf5 11. c4 dxc4 12. dxc4 Ne4 13. Bxg7 Kxg7 14. Qc1 Nxd2 15. Nxd2 c6 16. c5 Nd7 17.
Qc3+ f6 18. Rad1 Qc7 19. e4 Bg4 20. f3 Be6 21. Rfe1 b6 22. e5 Bd5 23. e6 Nb8 24. cxb6 Qxb6+ 25. Kh1 Na6 26. Nc4 Qb5 27. Ne3 Bxe6 28. Nc2 Qc4 29. Qxc4 Bxc4 30. Rxe7+ Rf7 31. Re3 Bb3 32. Rc1 Rd8 33. Rc3 Rc7 34. Ne3 Rd2 35. Bf1 Nb8 36. Bc4 Bxc4 37. Nxc4 Ra2 38. R3c2 Rxc2 39.
Rxc2 Rd7 40. Rc3 Rd1+ 41. Kg2 Nd7 42. f4 Nf8 43. Na5 Rd2+ 44. Kh3 Ne6 45. Nxc6 h5 46. Re3 g5 47. g4 Nxf4+ 48. Kg3 Rg2+ 49. Kf3 hxg4+ 50.
Ke4 Rxh2 51. Nd4 Rh3 52. Nf5+ Kf8 53. b5 1-0

[Event "Early-Titled-Tuesday-Blitz-May-07-2024"]
[Site "Chess.com"]
[Date "2024.05.07"]
[Round "9"]
[White "ChristopherYoo"]
[Black "Nemegejas"]
[Result "1-0"]
[WhiteElo "2998"]
[BlackElo "2819"]
[TimeControl "180+1"]
[EndTime "9:52:55 PDT"]
[Termination "ChristopherYoo won on time"]

1. e4 c6 2. Nf3 d5 3. Nc3 Bg4 4. d4 dxe4 5. Nxe4 Nd7 6. h3 Bh5 7. Ng3 Bg6 8. h4 h6 9. h5 Bh7 10. Bd3 Bxd3 11. Qxd3 Ngf6 12. Bd2 e6 13. O-O-O Be7 14.
Kb1 O-O 15. Ne4 c5 16. Nxf6+ Nxf6 17. g4 Qd5 18. g5 Ne4 19. gxh6 Nxf2 20. Qe3 Nxd1 21.
Qg1 Bf6 22. hxg7 Rfd8 23. h6 Kh7 24. Qxd1 cxd4 25. Qf1 d3 26. c3 Qf5 27. Rg1 Rd5 28. Qf2 b5 29. Qxa7 Rg8 30. Qxf7 b4 31. Rf1 Qg6 32. Qxe6 bxc3 33. Qxd5 cxd2 34. Nxd2 Qxh6 35.
Qxd3+ Kxg7 36. Rg1+ Kh8 37. Rxg8+ Kxg8 38. Qd5+ Kg7 39.
Qg2+ Kf8 40. Ne4 Be5 41. Qf3+ Ke7 42. Qa3+ Kf7 43. Qa7+ Kg8 44. Qa8+ Kh7 45. Qb7+ Kg8 46. Qc8+ Kf7 47. Qf5+ Bf6 48. Qxf6+ 1-0

[Event "Early-Titled-Tuesday-Blitz-May-07-2024"]
[Site "Chess.com"]
[Date "2024.05.07"]
[Round "9"]
[White "Boxerandchessplayer"]
[Black "Flaccidmoves"]
[Result "0-1"]
[WhiteElo "2235"]
[BlackElo "2375"]
[TimeControl "180+1"]
[EndTime "9:52:55 PDT"]
[Termination "Flaccidmoves won by resignation"]

1. Nf3 d5 2. e3 c5 3. d4 Nc6 4. dxc5 e5 5. Bb5 e4 6. Nd4 Bd7 7. Nc3 Qg5 8. O-O Bxc5 9. Nb3 Bd6 10. Qxd5 Qxd5 11. Nxd5 Nge7 12. Nxe7 Kxe7 13. Bd2 a6 14. Bxc6 Bxc6 15. Bc3 f6 16. Nd4 Bd7 17. Rfd1 b5 18.
a3 a5 19. Nb3 b4 20. axb4 axb4 21. Bd4 Rhc8 22. Rxa8 Rxa8 23. Bc5 Bxc5 24. Nxc5 Bc6 25. c3 bxc3 26. bxc3 Ra2 27. h3 Rc2 28. Rd4 f5 29. c4 Rc1+ 30. Kh2 Rc2 31. Kg3 g5 32. Na6 h5 33. f3 h4+ 34. Kh2 exf3 35. Nb4 Rxg2+ 36. Kh1 Bb7 37. Nd5+ Bxd5 38. Rxd5 Ke6 39. Ra5 Rc2 40. Ra6+ Ke5 41. Ra5+ Ke4 42. Kg1 Kxe3 43. Rxf5 Rc1+ 44. Kh2 f2 45. Kg2 Rg1+ 46. Kh2 f1=Q 47. Rxf1 Rxf1 0-1

[Event "Early-Titled-Tuesday-Blitz-May-07-2024"]
[Site "Chess.com"]
[Date "2024.05.07"]
[Round "9"]
[White "xasid81"]
[Black "Legendinunknown"]
[Result "0-1"]
[WhiteElo "2652"]
[BlackElo "2831"]
[TimeControl "180+1"]
[EndTime "9:52:58 PDT"]
[Termination "Legendinunknown won by resignation"]

1. Nf3 Nf6 2. d4 e6 3. g3 c5 4. Bg2 Nc6 5. O-O Be7 6. c4 cxd4 7. Nxd4 O-O 8. Nc3 a6 9. b3 Qc7 10. Bb2 b6 11. Nxc6 dxc6 12. Qc2 Bb7 13. Rad1 c5 14. Bxb7 Qxb7 15. Rd2 Rad8 16. Rfd1 Rxd2 17. Qxd2 h6 18. Qc2 Rd8 19. Rxd8+ Bxd8 20. Qd3 Be7 21. f3 Kf8 22. e4 Ke8 23. e5 Nd7 24. Ne4 Qc6 25. a4 Kd8 26. Kf2 Kc7 27. f4 Nb8 28. Nd6 f5 29. exf6 gxf6 30. Ne4 Nd7 31. g4 f5 32. gxf5 Bh4+ 33. Ke2 exf5 34. Nd2 Qg2+ 35. Kd1 Qg1+ 36.
Nf1 Bf6 37. Bc1 Bd4 38. Kc2 Nf6 39. Nd2 Qg6 40. Nf3 Qg2+ 41. Bd2 Ba1 42. Kb1 Qh1+ 43. Ka2 Ne4 44. a5 Bf6 45. axb6+ Kxb6 46. Be1 Qg2+ 47.
Bd2 Kc7 48. Kb1 Qh1+ 49. Kc2 Qa1 50. Ne5 Qa2+ 51. Kd1 Nf2+ 0-1

[Event "Early-Titled-Tuesday-Blitz-May-07-2024"]
[Site "Chess.com"]
[Date "2024.05.07"]
[Round "9"]
[White "gurelediz"]
[Black "MagnusCarlsen"]
[Result "1/2-1/2"]
[WhiteElo "2966"]
[BlackElo "3202"]
[TimeControl "180+1"]
[EndTime "9:53:00 PDT"]
[Termination "Game drawn by repetition"]

1. e4 a5 2. d4 Ra6 3. Bxa6 Nxa6 4. Nf3 b6 5. O-O Bb7 6. Qe2 e6 7. c4 Be7 8. Nc3 d6 9. Bf4 Nf6 10. e5 dxe5 11. Bxe5 O-O 12. Rad1 h6 13. a3 Nd7 14.
Bg3 Qa8 15. d5 Ndc5 16. Nb5 Bd8 17. d6 cxd6 18. Nxd6 Bxf3 19. Qxf3 Qxf3 20. gxf3 Bf6 21. b4 axb4 22. axb4 Nxb4 23. Rb1 Ncd3 24. Rb3 Ra8 25. Rd1 Ra1 26. Rxa1 Bxa1 27. Nc8 Bd4 28. Kf1 Bc5 29.
Bc7 Kf8 30. Bxb6 Bxb6 31. Nxb6 Ke7 32. c5 Kd8 33. Nc4 Kc7 34. Ra3 Kc6 35. Ra7 Kxc5 36. Ne3 Ne5 37. f4 Nbc6 38. Rb7 Nd8 39. Re7 Kd6 40.
Re8 Nec6 41. Rg8 g6 42. Ng4 h5 43. Nf6 Ke7 44. Ne4 Nb4 45. Kg2 Nd5 46. Kf3 Nc6 47. Ra8 Nd4+ 48. Kg3 Ne2+ 49. Kf3 Nd4+ 50. Kg3 Nf5+ 51.
Kf3 Nd4+ 1/2-1/2

[Event "Early-Titled-Tuesday-Blitz-May-07-2024"]
[Site "Chess.com"]
[Date "2024.05.07"]
[Round "9"]
[White "kanzaww"]
[Black "Supergiuly"]
[Result "1-0"]
[WhiteElo "2507"]
[BlackElo "2341"]
[TimeControl "180+1"]
[EndTime "9:53:01 PDT"]
[Termination "kanzaww won by checkmate"]

1. e4 b6 2. d4 g6 3. Nc3 Bg7 4. h3 Bb7 5. g4 Nf6 6. Bg2 h5 7. g5 Nh7 8. Be3 e5 9. Nf3 exd4 10. Bxd4 O-O 11. Bxg7 Kxg7 12. Qd4+ Kg8 13. O-O-O d6 14. h4 Nc6 15. Qd2 Ne5 16. Rhe1 f6 17. Nxe5 fxe5 18. Nd5 Qd7 19. Qe3 Bxd5 20. exd5 Rf4 21. Be4 Qf7 22.
f3 Nf8 23. Rh1 Nd7 24. b4 a5 25. a3 axb4 26. axb4 Nb8 27. Qc3 Na6 28. Kb2 Qd7 29.
Ra1 Kg7 30. Qc4 b5 31. Qb3 Qc8 32. Ra5 Qb7 33. Rha1 Qb6 34. Qc3 Rxh4 35. Kb3 Rh2 36. Kb2 Re2 37. Rxa6 Rxa6 38. Rxa6 Qxa6 39. Qxc7+ Kf8 40.
Qd8+ Kf7 41. Qd7+ Kf8 42. Bxg6 Rxc2+ 43. Bxc2 Qb6 44. Qf5+ Ke7 45. Qe4 Qf2 46. g6 Kf8 47. Qf5+ Kg7 48. Qf7+ Kh6 49. g7 Qd4+ 50. Kc1 Qe3+ 51.
Kd1 Qd4+ 52. Ke2 Qc4+ 53. Bd3 Qa2+ 54. Ke3 Qb2 55. Qf6# 1-0

[Event "Early-Titled-Tuesday-Blitz-May-07-2024"]
[Site "Chess.com"]
[Date "2024.05.07"]
[Round "9"]
[White "ChessQueen"]
[Black "BM223344"]
[Result "1-0"]
[WhiteElo "2804"]
[BlackElo "2624"]
[TimeControl "180+1"]
[EndTime "9:53:02 PDT"]
[Termination "ChessQueen won by resignation"]

1. e4 e6 2. d4 d5 3. exd5 exd5 4. Nf3 Nf6 5. Bd3 Bd6 6. O-O O-O 7. Bg5 h6 8. Bh4 Bg4 9. Nbd2 c6 10. c4 Nbd7 11.
c5 Bc7 12. Re1 Re8 13. Qc2 Bf4 14. b4 Qc7 15. a4 b6 16. cxb6 axb6 17. Bg3 Bxg3 18.
hxg3 Bxf3 19. gxf3 c5 20. bxc5 bxc5 21. Bb5 c4 22.
Kg2 Rxe1 23. Rxe1 Nf8 24. f4 Ne6 25. Nf3 Qb6 26. Qc3 Ne4 27. Qe3 Rc8 28. f5 Nc7 29.
Bxc4 dxc4 30. Qxe4 c3 31. Rc1 Qa5 32. Qc6 Rd8 33.
Rxc3 Ne8 34. Re3 Nf6 35. Qb5 Qa8 36. Rb3 Qe4 37. Qd3 Qa8 38. Qb5 Qe4 39. Qe5 Qa8 40.
a5 Ng4 41. Qf4 Nf6 42. Qc7 Re8 43. Rb5 Ne4 44. Qb7 Qd8 45. Ne5 Nd6 46. Qd5 Nxb5 47. Qxf7+ Kh7 48. Qg6+ Kg8 49. Qf7+ Kh7 50. f6 Qxf6 51.
Qxe8 Nxd4 52. Nf7 Qf3+ 53. Kg1 Qxf2+ 54. Kxf2 Kg6 55. Nd6+ Kf6 56. Ne4+ Kf5 57. a6 Ne6 58. Qxe6+ Kxe6 59. a7 Ke5 60. a8=Q Kf5 61. Qd5+ Kg4 62. Qe5 g5 63. Qe6+ Kh5 64. Qh3+ Kg6 65. g4 Kg7 66.
Qh5 Kg8 67. Qg6+ 1-0

[Event "Early-Titled-Tuesday-Blitz-May-07-2024"]
[Site "Chess.com"]
[Date "2024.05.07"]
[Round "9"]
[White "Mikhail_Golubev"]
[Black "Kotofeyca"]
[Result "0-1"]
[WhiteElo "2604"]
[BlackElo "2519"]
[TimeControl "180+1"]
[EndTime "9:53:02 PDT"]
[Termination "Kotofeyca won on time"]

1. e4 c5 2. Nf3 d6 3. d4 cxd4 4.
Nxd4 Nf6 5. Nc3 a6 6. Bc4 e6 7. Bb3 Be7 8. f4 O-O 9. Be3 Qc7 10. f5 e5 11. Nf3 b5 12. g4 Bb7 13. g5 Nxe4 14. Nxe4 Bxe4 15. f6 gxf6 16. gxf6 Bxf6 17. Bd5 Bxd5 18. Qxd5 Qc6 19. Rg1+ Kh8 20. O-O-O Qxd5 21. Rxd5 Be7 22. Bh6 Rg8 23. Ng5 Bxg5+ 24. Rxg5 Rg6 25. Rxg6 hxg6 26. Rxd6 Kh7 27. Bg5 Ra7 28. Bf6 Nd7 29.
Bd8 Kg7 30. Kd2 f5 31. h4 Kf7 32. Bg5 Nc5 33. Rf6+ Kg7 34. Ke2 Ne4 35. Re6 Nxg5 36. hxg5 e4 37. Ke3 Rc7 38. c3 a5 39. Kf4 b4 40. cxb4 axb4 41. Rb6 Ra7 42. Rxb4 Rxa2 43. Rb7+ Kf8 44. Ke5 Ra6 45. Kf4 Re6 46. Rb8+ Ke7 47. Rb7+ Kd6 48. Rb6+ Kd5 49. Rb5+ Kc4 50. Rb8 e3 51.
Rc8+ Kb3 52. Rc1 e2 53. Re1 Kxb2 0-1

[Event "Early-Titled-Tuesday-Blitz-May-07-2024"]
[Site "Chess.com"]
[Date "2024.05.07"]
[Round "9"]
[White "GothamChess"]
[Black "slorovel"]
[Result "1/2-1/2"]
[WhiteElo "2697"]
[BlackElo "2528"]
[TimeControl "180+1"]
[EndTime "9:53:04 PDT"]
[Termination "Game drawn by repetition"]

1. a4 e5 2. Ra3 Bxa3 3. Nxa3 d5 4. b3 Nf6 5. Bb2 Nc6 6. g3 O-O 7. Bg2 e4 8. e3 Bg4 9. Ne2 Qe7 10. h3 Bd7 11. O-O Ne5 12. Kh1 c6 13. Ng1 Rfe8 14. Qa1 a6 15. Ne2 Ng6 16. Nf4 Nxf4 17. gxf4 Bf5 18. Kh2 Qe6 19. Rg1 Kh8 20. Bf1 Rg8 21. a5 c5 22. Be5 Rac8 23. c4 Ne8 24. cxd5 Qh6 25. Nc4 Rd8 26. Nb6 f6 27. Bc3 Nc7 28. Qa3 Nxd5 29. Qxc5 Nxc3 30. Qxc3 Qh4 31. Rg3 Qh5 32.
Nc4 Qd1 33. Bg2 Qe1 34. Qb4 Qxf2 35. Qxb7 h5 36. Qf7 g6 37. Qxf6+ Kh7 38. Qe7+ Kh6 39. Ne5 Rdf8 40. Nf7+ Rxf7 41. Qxf7 h4 42. Rg5 Rd8 43. Qf6 Rc8 44. Qe5 Kh7 45. Qe7+ Kh6 46. Qe5 Kh7 47.
b4 Rc1 48. Qe7+ Kh6 49. Qf8+ Kh7 50. Qf7+ Kh8 51. Qf8+ Kh7 52. Qf7+ Kh8 53. Qf6+ Kh7 54. Qf7+ 1/2-1/2

[Event "Early-Titled-Tuesday-Blitz-May-07-2024"]
[Site "Chess.com"]
[Date "2024.05.07"]
[Round "9"]
[White "Iball95"]
[Black "Mischuk_D"]
[Result "1/2-1/2"]
[WhiteElo "2909"]
[BlackElo "2810"]
[TimeControl "180+1"]
[EndTime "9:53:05 PDT"]
[Termination "Game drawn - insufficient material"]

1. e4 e6 2. d4 d5 3. Nc3 Bb4 4. exd5 exd5 5. Bd3 Nf6 6. Nf3 O-O 7. O-O Bg4 8. h3 Bh5 9. Bg5 c6 10. g4 Bg6 11. Ne5 Bxd3 12. Qxd3 Be7 13. Rae1 h6 14. Bh4 Nbd7 15. Re3 Nxe5 16. Rxe5 Bd6 17. Re2 Bf4 18.
Rfe1 Qd6 19. Bxf6 Qxf6 20. Re7 Rab8 21. Kg2 Bd6 22. Rd7 Rfd8 23. Rxd8+ Rxd8 24. Nd1 Qf4 25.
Rh1 Re8 26. c3 g6 27. Ne3 h5 28. Qd1 h4 29. Qf3 Qg5 30. Re1 Re4 31. Nc2 f5 32. Rxe4 dxe4 33. Qe3 Bf4 34. Qe2 Bc1 35. Ne1 Kg7 36.
c4 Qd2 37. Qxd2 Bxd2 38. Nc2 Kf6 39. f3 Kg5 40. fxe4 fxg4 41. d5 Bf4 42. Nd4 Be5 43.
dxc6 bxc6 44. Nxc6 Bxb2 45. Nxa7 gxh3+ 46. Kxh3 Kh5 47. c5 g5 48. c6 g4+ 49. Kg2 h3+ 50. Kf1 Be5 51. Nb5 g3 52. c7 g2+ 53. Kf2 Bh2 54. c8=Q g1=Q+ 55. Ke2 Qg4+ 56. Qxg4+ Kxg4 57. Nd4 Bb8 58. Nf3 Kf4 59. a4 Kxe4 60. Ng5+ Kd4 61. Nxh3 Kc4 62. a5 Kb5 63. a6 Kxa6 1/2-1/2

[Event "Early-Titled-Tuesday-Blitz-May-07-2024"]
[Site "Chess.com"]
[Date "2024.05.07"]
[Round "9"]
[White "ChainedDowntohell"]
[Black "Lady_Nika"]
[Result "1-0"]
[WhiteElo "2592"]
[BlackElo "2475"]
[TimeControl "180+1"]
[EndTime "9:53:08 PDT"]
[Termination "ChainedDowntohell won by resignation"]

1. d4 d5 2. Nf3 e6 3. Bg5 Be7 4.
Bxe7 Qxe7 5. c3 f5 6. e3 Nf6 7.
Bd3 O-O 8. O-O Nbd7 9. c4 Ne4 10. Nc3 c6 11. Rc1 a6 12. g3 Rf6 13. h4 g6 14.
Kg2 h6 15. Rh1 Rf7 16. Qb3 Ndf6 17. Ne5 Rg7 18. f3 Nd6 19. Ne2 Nf7 20. Rc2 Nxe5 21. dxe5 Nd7 22. Qc3 g5 23. hxg5 Qxg5 24. Kf2 Nc5 25.
Rcc1 Bd7 26. Bb1 Na4 27. Qb3 b5 28. cxd5 exd5 29. Rh4 Nb6 30. Qb4 Nc4 31. f4 Qg6 32. b3 a5 33. Qc3 Nb6 34. Rch1 Rh7 35. Qc5 Nc8 36. Nd4 Ne7 37. g4 Kf7 38. Qd6 Qxd6 39. exd6 c5 40. Nf3 Ng6 41. Rxh6 Rxh6 42. Rxh6 Kg7 43. Rxg6+ Kxg6 44. Ne5+ Kh6 45. Nxd7 fxg4 46. Ne5 Kg7 47. d7 Rd8 48. Bf5 Kf6 49. Nc6 Rf8 50. Bxg4 a4 51. bxa4 c4 52. d8=Q+ Rxd8 53. Nxd8 c3 54.
Ke2 c2 55. Kd2 1-0

[Event "Early-Titled-Tuesday-Blitz-May-07-2024"]
[Site "Chess.com"]
[Date "2024.05.07"]
[Round "9"]
[White "PeshkaCh"]
[Black "JeFumeDesClopes"]
[Result "1-0"]
[WhiteElo "2890"]
[BlackElo "2719"]
[TimeControl "180+1"]
[EndTime "9:53:09 PDT"]
[Termination "PeshkaCh won by resignation"]

1. Nf3 g6 2. e4 Bg7 3. d4 d6 4.
Bd3 Nf6 5. O-O O-O 6. c3 Nc6 7. Re1 e5 8. Nbd2 Nh5 9. dxe5 Nxe5 10. Nxe5 dxe5 11. Nf3 b6 12. b3 Bb7 13. g3 Qe7 14. a4 Rfd8 15. Qc2 a5 16. Bf1 Nf6 17. Bg2 Ne8 18. Ba3 Nd6 19. Nd2 Bf8 20. Nc4 Qe6 21. Ne3 Kg7 22. Rad1 Ne8 23. Bb2 Bc5 24. h4 h5 25. Nc4 Bc6 26. Kh2 Bxa4 27. Bf1 Bc6 28. Bh3 Qe7 29. b4 axb4 30. cxb4 Bd4 31. Nxe5 Ba4 32. Rxd4 Rxd4 33. Bxd4 Bxc2 34. Nc6+ Qf6 35.
Bxf6+ Nxf6 36. e5 Nd5 37. Bg2 Bb3 38. Nd4 Bc4 39. Rc1 Ba2 40. Ra1 c6 41. Nxc6 Rc8 42.
b5 Bc4 43. Ra7 Kf8 44. e6 fxe6 45. Nd4 Nc7 46. Bb7 Rd8 47. Nf3 Nxb5 48. Ra1 Rd7 49. Bc6 Ke7 50. Bxd7 Kxd7 51. Ne5+ Kd6 52. Nxc4+ Kc5 53.
Rc1 Nc3 1-0

[Event "Early-Titled-Tuesday-Blitz-May-07-2024"]
[Site "Chess.com"]
[Date "2024.05.07"]
[Round "9"]
[White "Barbix1"]
[Black "noblerone"]
[Result "1-0"]
[WhiteElo "2295"]
[BlackElo "2473"]
[TimeControl "180+1"]
[EndTime "9:53:09 PDT"]
[Termination "Barbix1 won by checkmate"]

1. d4 d5 2. c4 c6 3. cxd5 cxd5 4. Nc3 Nf6 5. Bf4 a6 6. e3 Nc6 7. Be2 Bf5 8. Nf3 e6 9. Qb3 Ra7 10. O-O Bd6 11. Bxd6 Qxd6 12. Na4 O-O 13. Rfc1 Nd7 14. Nc5 Nxc5 15. Rxc5 b6 16. Qxb6 Rc7 17. Rac1 Rb8 18. Qxa6 Rbc8 19. Ne5 f6 20. Nxc6 Kh8 21. h3 h6 22. Na7 Qxa6 23. Bxa6 Rxc5 24. Rxc5 Ra8 25. Rc8+ Rxc8 26. Bxc8 Kg8 27. g4 Bb1 28. Bxe6+ Kf8 29. Bxd5 Ke7 30. Bb3 Kd6 31. Nb5+ Kc6 32. Nc3 Bd3 33. f3 Kb6 34. Kf2 Ka5 35. e4 Kb4 36.
Ke3 Bf1 37. Ne2 Bxh3 38. Kf2 h5 39. Kg3 hxg4 40. fxg4 Bf1 41. Nf4 Kb5 42. Nh5 g5 43. Nxf6 Bd3 44. Kf3 Kc6 45. Nh7 Kd6 46. Nxg5 Bb1 47.
Ke3 Ke7 48. Nf3 Kf6 49. Ne5 Kg5 50. Bd5 Bc2 51. a4 Bxa4 52. b4 Bb5 53. Bc6 Bf1 54. b5 Kf6 55. b6 Ba6 56. b7 Bxb7 57. Bxb7 Ke7 58. Bd5 Kd6 59. g5 Ke7 60. g6 Kf6 61.
Kf4 Kg7 62. Kg5 Kh8 63. Ng4 Kg7 64. Ne3 Kh8 65. e5 Kg7 66. Nf5+ Kh8 67. g7+ Kh7 68.
g8=Q# 1-0

[Event "Early-Titled-Tuesday-Blitz-May-07-2024"]
[Site "Chess.com"]
[Date "2024.05.07"]
[Round "9"]
[White "Acva-Alenok"]
[Black "PawnEatingZombie"]
[Result "1-0"]
[WhiteElo "2349"]
[BlackElo "2224"]
[TimeControl "180+1"]
[EndTime "9:53:10 PDT"]
[Termination "Acva-Alenok won on time"]

1. d4 Nf6 2. c4 g6 3. g3 Bg7 4. Bg2 O-O 5. Nf3 d6 6. O-O Nc6 7. Nc3 e5 8. d5 Nb8 9. e4 a5 10. Ne1 Na6 11. Nd3 Nd7 12. Be3 f5 13. f4 exf4 14.
Nxf4 Ndc5 15. Bd4 Bxd4+ 16. Qxd4 Qf6 17. Qd2 Bd7 18. exf5 Bxf5 19. h3 Qg7 20. Ne6 Nxe6 21. dxe6 Nc5 22. Bd5 Kh8 23. Rae1 Bxh3 24. Rxf8+ Rxf8 25. e7 Re8 26. Qg5 Qd4+ 27. Re3 Nd7 28. Kh2 Bf5 29.
Ne2 Qxb2 30. Bxb7 Kg7 31. Bc6 h6 32. Qf4 Ne5 33. Bxe8 Ng4+ 34. Kg2 Nxe3+ 35. Qxe3 Bd3 36. Bb5 Qxe2+ 37. Qxe2 Bxe2 38. e8=Q h5 39. Qe3 Bg4 40. Qd4+ Kh6 41. Qd2+ Kg7 42. Qe1 Kh6 43. Qf2 Kg7 44.
Qd4+ Kh6 45. Bc6 Kh7 46. Be4 Kh6 47. Qf6 Bf5 48. Bxf5 1-0

[Event "Early-Titled-Tuesday-Blitz-May-07-2024"]
[Site "Chess.com"]
[Date "2024.05.07"]
[Round "9"]
[White "GlavkonVVS"]
[Black "vanyakuba"]
[Result "1-0"]
[WhiteElo "2677"]
[BlackElo "2446"]
[TimeControl "180+1"]
[EndTime "9:53:11 PDT"]
[Termination "GlavkonVVS won by resignation"]

1. c4 e6 2. Nc3 d5 3. d4 c5 4. e3 Nf6 5. Nf3 a6 6. a3 dxc4 7. Bxc4 b5 8. Ba2 Bb7 9. O-O cxd4 10.
exd4 Be7 11. Qe2 O-O 12. Rd1 Nd5 13. Bd2 Nxc3 14. Bxc3 Bd5 15. Bb1 Nd7 16. Ne5 Nxe5 17.
dxe5 Qb6 18. Be4 Bxe4 19. Qxe4 Bc5 20. Qf4 Rfd8 21. b4 Be7 22. h4 Rac8 23. Bd4 Qb7 24. Rac1 Qd5 25. Rxc8 Rxc8 26. Rd2 Rc4 27. Kh2 h6 28. g3 g5 29. Qg4 Rc1 30. f3 Rc4 31. h5 a5 32. bxa5 Bxa3 33. Qe4 Qxe4 34. fxe4 b4 35.
a6 Rc8 36. a7 Ra8 37. Rd3 Kf8 38. g4 Ke8 39. Kg3 Kd7 40. Bc5+ Kc6 41. Be3 Kb5 42. Kf3 Kc4 43. Rd7 b3 44. Rc7+ Kb5 45.
Rb7+ Ka6 46. Rxb3 Be7 47. Rd3 Bb4 48. Rd7 Kb5 49. Rxf7 Rc8 50. Rf6 Re8 51. Rxh6 Kc4 52. Rf6 Kd3 53. Bxg5 Rc8 54. Rxe6 Bc3 55. Rc6 Rxc6 56.
a8=Q Rc4 57. Qd5+ Bd4 58. Be3 1-0

[Event "Early-Titled-Tuesday-Blitz-May-07-2024"]
[Site "Chess.com"]
[Date "2024.05.07"]
[Round "9"]
[White "Groetzi"]
[Black "Alina_Gumerovna"]
[Result "1-0"]
[WhiteElo "2409"]
[BlackElo "2190"]
[TimeControl "180+1"]
[EndTime "9:53:11 PDT"]
[Termination "Groetzi won on time"]

1. e4 e5 2. Nf3 Nf6 3. Nxe5 d6 4. Nf3 Nxe4 5. d4 d5 6. Bd3 Bd6 7. O-O O-O 8. c4 c6 9. Nc3 Nxc3 10. bxc3 Bg4 11. Rb1 dxc4 12. Bxc4 Nd7 13. Be2 Nb6 14. c4 c5 15. Be3 Rc8 16. Rc1 Re8 17. h3 Bh5 18. Re1 h6 19. d5 Nd7 20. Nd2 Bxe2 21. Qxe2 Ne5 22. Qh5 Nd3 23. Red1 Nxc1 24. Rxc1 Qf6 25.
Nf3 Re4 26. Rb1 b6 27. Nd2 Re5 28. Qg4 Rce8 29. Qd7 Bb8 30. Nf3 Re4 31. Rd1 Qd6 32. Qxd6 Bxd6 33. Nd2 R4e7 34. Nf3 Kh7 35. g4 g6 36. Kg2 f5 37. Bc1 fxg4 38. hxg4 Re4 39. g5 Rxc4 40. gxh6 Rg4+ 41. Kh3 Ra4 42. Ng5+ Kg8 43.
h7+ Kg7 44. Bb2+ Be5 45. Re1 Bxb2 46. Rxe8 Ra3+ 47. Kg4 Kh6 48. h8=Q+ Bxh8 49. Rxh8+ Kg7 50. Rh7+ Kg8 51. d6 Rxa2 52. d7 Rd2 53. Re7 1-0

[Event "Early-Titled-Tuesday-Blitz-May-07-2024"]
[Site "Chess.com"]
[Date "2024.05.07"]
[Round "9"]
[White "betta2004"]
[Black "HanSchut"]
[Result "0-1"]
[WhiteElo "2528"]
[BlackElo "2387"]
[TimeControl "180+1"]
[EndTime "9:53:13 PDT"]
[Termination "HanSchut won by resignation"]

1. d4 Nf6 2. c4 g6 3. Nc3 d5 4. Nf3 Bg7 5. Bg5 Ne4 6. cxd5 Nxg5 7. Nxg5 e6 8. Qd2 h6 9. Nf3 exd5 10. Qe3+ Be6 11.
h4 O-O 12. Ne5 Re8 13. O-O-O Nd7 14. f4 Rc8 15. Qf3 c5 16. e3 cxd4 17. exd4 Nxe5 18. dxe5 d4 19. Kb1 dxc3 20. Rxd8 c2+ 21. Kc1 Rexd8 22. Bd3 Bxa2 23. h5 gxh5 24. Qe4 Bd5 25. Qh7+ Kf8 26.
Re1 Bc4 27. Bxc4 Rxc4 28. f5 f6 29. exf6 Bxf6 30. Qxh6+ Bg7 31. Qg5 Rd6 32. Qe7+ Kg8 33. Qxd6 Bh6+ 34. Qd2 Bxd2+ 35. Kxd2 Kf7 36. b3 Rc7 37.
Rc1 Kf6 38. Ke3 Kxf5 39. Kd4 Kg4 40. Kd5 Rc6 41. b4 Kg3 42. b5 Rc3 43. Kd4 Rc8 44.
Kd3 Kxg2 45. Kd2 Kg3 46. Ra1 c1=Q+ 47. Rxc1 Rxc1 48. Kxc1 h4 49. Kd2 b6 50. Kd3 h3 51.
Kd4 h2 52. Kd5 h1=Q+ 53. Kd6 Qb7 54. Ke5 a6 55. Kd6 axb5 56. Ke5 Qa6 57. Kd4 Qa4+ 58.
Kc3 Qc4+ 59. Kb2 b4 60. Kb1 Qc3 61. Ka2 Qc2+ 62. Ka1 Qc1+ 63. Ka2 Qc4+ 64. Kb1 b3 65. Ka1 Qa4+ 66. Kb2 Qa2+ 67. Kc3 Qc2+ 68. Kb4 b2 69. Kb5 b1=Q+ 70. Ka6 Qca2+ 71. Kb7 b5 72. Kb8 b4 73.
Kb7 b3 74. Kc7 b2 75. Kd6 Qc2 76. Ke7 Qab3 77. Kf8 b1=Q 78. Kg7 Qbd1 79. Kh8 Qbd3 80. Kg7 Qce2 81. Kh8 Qdf3 0-1